 Dungeon Crawl Stone Soup version 0.29.1 (webtiles) character file.

Game seed: 2461715760728243742

609 groovy9 the Shooter (level 7, -3/61 HPs)
             Began as a Minotaur Hunter on Sept 15, 2022.
             Slain by an unseen horror (8 damage)
             ... on level 5 of the Dungeon.
             The game lasted 00:11:20 (4256 turns).

groovy9 the Shooter (Minotaur Hunter)               Turns: 4256, Time: 00:11:21

Health: -3/61      AC:  5    Str: 16    XL:     7   Next: 19%
Magic:  6/6        EV: 13    Int:  6    God:
Gold:   428        SH:  0    Dex: 15    Spells: 6/6 levels left

rFire   + . .      SeeInvis .   a - +1 shortbow (venom)
rCold   + . .      Faith    .   (shield currently unavailable)
rNeg    . . .      Spirit   .   c - +1 leather armour
rPois   .          Reflect  .   (helmet restricted)
rElec   .          Harm     .   h - scarf {repulsion}
rCorr   .          Rampage  .   n - +0 pair of gloves
Will    .....                   (no boots)
Stlth   +.........              (no amulet)
HPRegen 0.20/turn               q - ring of protection from fire
MPRegen 0.10/turn               u - ring of protection from cold

@: repel missiles
A: horns 2, retaliatory headbutt
a: no special abilities


You were on level 5 of the Dungeon.
You visited 2 branches of the dungeon, and saw 6 of its levels.

You collected 428 gold pieces.

Inventory:

Hand Weapons
 a - a +1 shortbow of venom (weapon)
Armour
 c - a +1 leather armour (worn)
 h - a scarf of repulsion (worn)
 n - a +0 pair of gloves (worn)
Jewellery
 q - a ring of protection from fire (left hand)
 u - a ring of protection from cold (right hand)
Scrolls
 b - a scroll of immolation
 d - a scroll of butterflies
 o - 3 scrolls of identify
 p - a scroll of poison {unknown}
 r - a scroll of amnesia
 s - a scroll of blinking {unknown}
 v - a scroll of enchant weapon
Potions
 e - 3 potions of degeneration
 f - a potion of invisibility
 g - a potion of heal wounds {unknown}
 j - a potion of flight
 k - a potion of ambrosia {unknown}
 l - a potion of lignification
 m - 2 potions of curing {unknown}
 t - a potion of resistance {unknown}
 w - 2 potions of mutation {unknown}


   Skills:
 + Level 5.1 Fighting
 * Level 7.5 Ranged Weapons
 + Level 4.7 Dodging
 - Level 0.7 Stealth


You had 6 spell levels left.
You didn't know any spells.
Your spell library contained the following spells:

 Spells                   Type           Power      Damage    Failure   Level
 Magic Dart               Conj           0%         1d3       52%         1
 Sandblast                Erth           0%         2d4       52%         1
 Call Imp                 Summ           0%         N/A       67%         2
 Passwall                 Tmut/Erth      0%         N/A       67%         2
 Mephitic Cloud           Conj/Pois/Air  0%         N/A       88%         3
 Stone Arrow              Conj/Erth      0%         3d7       88%         3
 Anguish                  Hex/Necr       0%         N/A       99%         4
 Enfeeble                 Hex            0%         N/A       100%        7


Dungeon Overview and Level Annotations

Branches:
Dungeon (5/15)             Temple (1/1) D:4

Altars:
Ashenzari
Cheibriados
Dithmenos
Elyvilon
Gozag
Kikubaaqudgha
Okawaru
Ru
Sif Muna
Trog
Uskayaw
Vehumet
Wu Jian
Xom
Yredelemnul
The Shining One


Innate Abilities, Weirdness & Mutations

You have a pair of horns on your head.
You reflexively headbutt those who attack you in melee.


Message History

Something hits you!
* * * LOW HITPOINT WARNING * * *
Okay, then.
Okay, then.
Read: 2 scrolls of butterflies
Press: ? - help, Q - select action, (/) - cycle Dir - look around, f - activate You can't see that place.
Okay, then.
As you read the scroll of butterflies, it crumbles to dust.
You hear the tinkle of a tiny bell.
Something hits your butterfly.
Your butterfly dies!
Your butterfly disappears in a burst of colours!
Something hits your butterfly!
Your butterfly dies!
Your butterfly disappears in a burst of colours!
Something barely misses your butterfly. Something hits your butterfly!
Your butterfly dies!
Your butterfly disappears in a burst of colours!
Something barely misses your butterfly.
You feel less wooden.
Your scarf of repulsion unmelds from your body.
Your +0 pair of gloves unmelds from your body.
Your +1 leather armour unmelds from your body.
You are surrounded by a repulsion field.
As you read the scroll of teleportation, it crumbles to dust.
You feel strangely unstable. Something hits you.
* * * LOW HITPOINT WARNING * * *
Something hits you.
* * * LOW HITPOINT WARNING * * *
You see here a +0 robe.
Something hits you.
* * * LOW HITPOINT WARNING * * *
Your surroundings suddenly seem different.
Something hits your butterfly.
Your butterfly dies!
Your butterfly disappears in a burst of colours!
Something hits you but does no damage. Something hits you!
You die...

# #.#####.# #.# #.##.. #
#))...[.# ######.#####.##.# #
######''#### #.........##.##.# #
##........###.####.##.##.##.# #
##......b...##.# #.##.#..##.# #
##............### #.....[....# #
#.......b......## ####.#.#####
##................#######(#.#####
#...............@..#...........#
#.........b.b......###.####.##.##
#.......♣..♣.......#.............
#..................###.#######..#
#..................# #.# #...
......♣$$♣.......# #.# ##..
.................# #.# ###
.................# #.#
##................## #.#


There were no monsters in sight!

Vanquished Creatures
  2 ice beasts
  An ogre (D:4)
  A scorpion (D:5)
  2 hounds
  A jelly (D:5)
  2 iguanas (D:5)
  7 adders
  2 dart slugs
  5 orcs
  6 ball pythons
  4 endoplasms
  6 goblins
  5 hobgoblins
  6 jackals
  4 kobolds
  5 quokkas
  4 bats
  4 frilled lizards
  4 rats
71 creatures vanquished.

Vanquished Creatures (others)
  A fungus (D:5)
  5 toadstools (D:5)
6 creatures vanquished.

Grand Total: 77 creatures vanquished

Notes
Turn   | Place    | Note
-------+----------+-------------------------------------------
     0 | D:1      | groovy9 the Minotaur Hunter began the quest for the Orb.
     0 | D:1      | Reached XP level 1. HP: 18/18 MP: 0/0
   210 | D:1      | Reached XP level 2. HP: 25/25 MP: 1/1
   364 | D:1      | Found a faded altar of an unknown god.
   690 | D:2      | You fall into a shaft and drop 2 floors!
   690 | D:4      | Found an iron altar of Okawaru.
   715 | D:4      | Noticed an ogre
   738 | D:3      | Reached skill level 5 in Ranged Weapons
   740 | D:3      | Reached XP level 3. HP: 29/31 MP: 2/2
  1429 | D:3      | Reached XP level 4. HP: 38/38 MP: 3/3
  1714 | D:3      | Found a sacrificial altar of Ru.
  1869 | D:4      | Killed an ogre
  1870 | D:4      | Reached skill level 6 in Ranged Weapons
  1870 | D:4      | Reached XP level 5. HP: 46/46 MP: 4/4
  1903 | D:4      | Noticed an ice beast
  1913 | D:4      | Killed an ice beast
  1914 | D:4      | Reached XP level 6. HP: 26/52 MP: 5/5
  2084 | D:4      | Found a staircase to the Ecumenical Temple.
  2089 | Temple   | Entered the Ecumenical Temple
  2389 | D:4      | Found an ancient bone altar of Kikubaaqudgha.
  2601 | D:5      | Entered Level 5 of the Dungeon
  3552 | D:5      | Reached skill level 7 in Ranged Weapons
  3640 | D:5      | Noticed an ice beast
  3648 | D:5      | Killed an ice beast
  3649 | D:5      | Reached XP level 7. HP: 54/60 MP: 6/6
  3703 | D:5      | Reached skill level 5 in Fighting
  3707 | D:5      | Noticed a two-headed ogre
  4256 | D:5      | Slain by an unseen horror

Illustrated notes

Levels and vault maps discovered:
D:1:      dpeg_arrival_rooms_a, layout_rooms,
          shapermc_ecumenical_altar_mp_vishouse
D:2:      layout_basic
D:3:      layout_loops_ring, nicolae_overflow_hidden_temple,
          corexii_corridor_pit
D:4:      layout_rooms, overflow_temple_1_default, kiku_gazebo_pond_becter,
          minmay_temple_entry_nine_rooms
D:5:      kennysheep_big_flooded_room, layout_loops_ring,
          minmay_gold_behind_fungi, hangedman_decor_lopped, lemuel_flame_loot_1
Temple:   dshaligram_water_room_temple

Skill      XL: |  1  2  3  4  5  6  7 |
---------------+----------------------+-----
Ranged Weapons | 5 6 7 |  7.5
Fighting       | 3 4 5 |  5.1
Dodging        | 3 4 |  4.7
Stealth        | |  0.7

Action                   |  1- 3 |  4- 6 |  7- 9 || total
-------------------------+-------+-------+-------++-------
 Fire: Shortbow          |    79 |    89 |    25 ||   193
  Use: Scroll            |    11 |     1 |     3 ||    15
       Potion            |       |       |     1 ||     1
Armor: Leather armour    |     7 |     6 |     6 ||    19
       Skin              |       |       |    14 ||    14
Dodge: Dodged            |    18 |    13 |     1 ||    32
       Repelled          |       |     1 |       ||     1
